 Dungeon Crawl Stone Soup version 0.18.1-48-g4cf74bf (webtiles) character file.

2888 Krapule the Covered (level 10, -6/102 HPs)
             Began as a Halfling Fighter on June 24, 2016.
             Was a Believer of the Shining One.
             Mangled by an orc knight
             ... wielding a +0 glaive
              (19 damage)
             ... in a bailey.
             The game lasted 00:29:42 (7106 turns).

Krapule the Covered (Halfling Fighter)              Turns: 7106, Time: 00:29:43

Health: -6/102     AC: 11    Str: 29    XL:     10   Next: 5%
Magic:  14/14      EV: 14    Int:  7    God:    the Shining One [**....]
Gold:   510        SH: 15    Dex: 15    Spells: 0 memorised, 9 levels left

rFire  + . .     SeeInvis .     a - +0 long sword
rCold  . . .     Gourm    .     b - +0 scale mail
rNeg   + . .     Faith    .     c - +0 shield
rPois  .         Spirit   .     p - +0 helmet
rElec  .         Dismiss  .     (no cloak)
rCorr  .         Reflect  +     C - +1 pair of gloves
SustAt .         Harm     .     (no boots)
MR     .....                    E - +3 amulet of reflection
Stlth  ..........               K - ring "Fiafo" {Fire Str+5}
                                h - ring of protection from cold

@: berserking (expiring), glowing, very quick, not resistant to hostile
enchantments, extremely unstealthy
A: mutation resistance 1
a: Divine Shield, Renounce Religion


You were in a bailey.
You worshipped the Shining One.
The Shining One was pleased with you.
You were not hungry.

You visited 2 branches of the dungeon, and saw 9 of its levels.
You also visited: Bailey.

You collected 510 gold pieces.

Inventory:

Hand Weapons
 a - a +0 long sword (weapon)
 H - a +1 whip of flaming
Missiles
 B - a throwing net (quivered)
Armour
 b - a +0 scale mail (worn)
 c - a +0 shield (worn)
 i - a cursed +0 ring mail
 p - a +0 helmet (worn)
 C - a +1 pair of gloves (worn)
Jewellery
 h - a ring of protection from cold (left hand)
 E - a +3 amulet of reflection (around neck)
 K - the ring "Fiafo" (right hand) {Fire Str+5}
   (You found it on level 6 of the Dungeon)

   [ring of fire]

   It enhances your fire magic, and weakens your ice magic.
   It affects your strength (+5).
   It protects you from fire.
   It makes you vulnerable to cold.
 O - an uncursed ring of positive energy
Wands
 t - a wand of flame (24/48)
 w - a wand of digging (0/24)
 M - a wand of disintegration (16/24)
Scrolls
 e - 3 scrolls of fog
 j - 4 scrolls of remove curse
 k - 2 scrolls of immolation {unknown}
 l - a scroll of identify
 r - 3 scrolls of recharging {unknown}
 u - a scroll of blinking {unknown}
 y - 2 scrolls of enchant armour {unknown}
 z - a scroll of amnesia {unknown}
 D - a scroll of random uselessness {unknown}
 J - a scroll of enchant weapon {unknown}
 L - a scroll of vulnerability {unknown}
 Q - 3 scrolls of noise {unknown}
Potions
 d - 2 potions of might
 g - a potion of agility
 o - 4 potions of curing
 q - a potion of lignification
 s - a potion of cure mutation
 A - a potion of magic
 G - a potion of haste
 N - a potion of flight {unknown}
Comestibles
 f - 9 bread rations
 m - a slice of pizza
 n - 2 meat rations
 x - a royal jelly
 F - a chunk of flesh
 I - a fruit


   Skills:
 + Level 6.0 Fighting
 - Level 3.0 Long Blades
 + Level 7.6 Armour
 + Level 5.9 Dodging
 + Level 7.4 Shields
 + Level 5.4 Invocations


You had 9 spell levels left.
You didn't know any spells.

Dungeon Overview and Level Annotations

Branches:
Dungeon (8/15)             Temple (1/1) D:4            Lair (0/8) D:8

Altars:
Ashenzari
Cheibriados
Dithmenos
Elyvilon
Fedhas
Gozag
Kikubaaqudgha
Makhleb
Nemelex Xobeh
Okawaru
Qazlal
Ru
Sif Muna
Vehumet
Xom
Yredelemnul
Zin
The Shining One


Innate Abilities, Weirdness & Mutations

You are small and have problems with some larger weapons.
You are somewhat resistant to further mutation.


Message History

The orc warrior is lightly wounded.
You block the orc's attack. You block the orc warrior's attack.
You hit the orc warrior.
The orc warrior is moderately wounded.
You block the orc knight's attack. You block the orc's attack.
You hit the orc warrior.
The orc warrior is heavily wounded.
You block the orc warrior's attack. You block the orc's attack.
The orc knight hits you from afar with a glaive.
* * * LOW HITPOINT WARNING * * *
You slash the orc warrior!
The orc warrior is almost dead.
You block the orc warrior's attack.
The orc hits you from afar with a spear.
* * * LOW HITPOINT WARNING * * *
You slice the orc warrior!!
You kill the orc warrior!
Your Fighting skill increases to level 6!
The orc knight hits you from afar with a glaive!!
You die...

##.###########∩## #
#...##.....##...##.
#)..#..≈≈≈..#...#..
#(..#.≈≈o≈≈.......≈
#...+.≈ooo≈.......≈
#...#.≈≈o≈≈.......≈
#(oo#..≈≈≈.(#...#..
#$.)##.....##.∩.##.
##@###########∩## #
### ###


You could see an orc knight and an orc.

Vanquished Creatures
  Pikel (D:6)
  A hungry ghost (D:6)
  An orc warrior (Bailey)
  4 slaves
  An ice beast (D:5)
  A sky beast (D:6)
  A black bear (D:6)
  2 necrophages
  A phantom (D:5)
  A centaur (D:7)
  2 ogres
  A wyvern zombie (D:6)
  5 howler monkeys
  3 crimson imps
  A giant frog zombie (D:8)
  A jelly (D:8)
  A quasit (D:6)
  3 hounds
  2 centaur skeletons
  An orc priest (D:7)
  3 giant frog skeletons
  2 iguanas
  Natasha (thrice) (D:3)
  6 orc wizards
  5 worker ants
  A hound zombie (D:5)
  7 gnolls
  10 adders
  A howler monkey skeleton (D:8)
  An adder zombie (D:8)
  3 worms
  4 dart slugs
  2 giant geckos
  24 orcs
  5 ball pythons
  8 giant cockroaches
  8 goblins
  8 hobgoblins
  6 jackals
  4 quokkas
  6 bats
  6 giant newts
  A jackal skeleton (D:4)
  7 kobolds
  5 rats
  A plant (D:2)
171 creatures vanquished.

Notes
Turn   | Place    | Note
--------------------------------------------------------------
     0 | D:1      | Krapule the Halfling Fighter began the quest for the Orb.
     0 | D:1      | Reached XP level 1. HP: 15/15 MP: 1/1
   208 | D:1      | Reached XP level 2. HP: 20/20 MP: 2/2
   688 | D:2      | Reached XP level 3. HP: 25/25 MP: 3/3
  1120 | D:2      | Reached XP level 4. HP: 28/30 MP: 4/4
  1533 | D:2      | Reached skill level 1 in Dodging
  1720 | D:2      | Reached XP level 5. HP: 33/36 MP: 5/5
  1852 | D:3      | Noticed Natasha
  1891 | D:3      | Killed Natasha
  1981 | D:3      | Found a glowing silver altar of Zin.
  1981 | D:3      | Found an opulent altar of Gozag.
  2086 | D:3      | Found a radiant altar of Vehumet.
  2087 | D:3      | Found a blossoming altar of Fedhas.
  2088 | D:3      | Found a shattered altar of Ashenzari.
  2088 | D:3      | Found a white marble altar of Elyvilon.
  2088 | D:3      | Found a snail-covered altar of Cheibriados.
  2097 | D:3      | Found a burning altar of Makhleb.
  2097 | D:3      | Found an iron altar of Okawaru.
  2103 | D:3      | Found a sacrificial altar of Ru.
  2177 | D:3      | Found a shattered altar of Ashenzari.
  2454 | D:3      | Noticed Natasha
  2460 | D:3      | Killed Natasha
  2549 | D:4      | Reached XP level 6. HP: 38/42 MP: 6/6
  2610 | D:4      | Noticed an ogre
  2715 | D:3      | Noticed Natasha
  2726 | D:3      | Killed Natasha
  3014 | D:4      | Found a staircase to the Ecumenical Temple.
  3037 | Temple   | Entered the Ecumenical Temple
  3141 | Temple   | Became a worshipper of the Shining One
  3180 | D:4      | Killed an ogre
  3519 | D:4      | Reached skill level 1 in Invocations
  3519 | D:4      | Reached XP level 7. HP: 43/47 MP: 7/7
  3546 | D:4      | Found a snail-covered altar of Cheibriados.
  3589 | D:4      | Reached skill level 5 in Armour
  3755 | D:4      | Found a deep blue altar of Sif Muna.
  3763 | D:4      | Found a sparkling altar of Nemelex Xobeh.
  3796 | D:5      | Entered Level 5 of the Dungeon
  3985 | D:5      | Got a polished dagger
  3986 | D:5      | Identified the cursed +0 dagger of Iconoclasm {venom, *Confuse rN+ MR+++} (You found it on level 5 of the Dungeon)
  4031 | D:5      | Reached skill level 5 in Shields
  4197 | D:5      | Found an ancient bone altar of Kikubaaqudgha.
  4255 | D:5      | Found a white marble altar of Elyvilon.
  4268 | D:5      | Reached * piety under the Shining One
  4279 | D:5      | Reached XP level 8. HP: 54/54 MP: 9/9
  4283 | D:5      | Found a shimmering altar of Xom.
  4442 | D:6      | Noticed Pikel
  4688 | D:6      | Killed Pikel
  4828 | D:5      | Reached skill level 5 in Fighting
  4828 | D:5      | Reached XP level 9. HP: 25/61 MP: 10/12
  5227 | D:6      | Reached skill level 5 in Dodging
  5367 | D:6      | Got a transparent tin ring
  5368 | D:6      | Identified the ring "Fiafo" {Fire Str+5} (You found it on level 6 of the Dungeon)
  6091 | D:7      | Reached skill level 5 in Invocations
  6581 | D:7      | Reached ** piety under the Shining One
  6606 | D:7      | Found a radiant altar of Vehumet.
  7016 | D:8      | Found a flagged portal.
  7055 | D:8      | Reached XP level 10. HP: 62/68 MP: 14/14
  7071 | Bailey   | Entered a bailey
  7071 | Bailey   | Noticed an orc knight
  7074 | Bailey   | Noticed an orc knight
  7093 | Bailey   | Noticed an orc knight
  7106 | Bailey   | Mangled by an orc knight

Skill      XL: |  1  2  3  4  5  6  7  8  9 10 |
---------------+-------------------------------+-----
Fighting       | 3 4 5 6 |  6.0
Armour         | 4 5 6 7 |  7.6
Dodging        | 1 2 3 4 5 |  5.9
Long Blades    | 3 |  3.0
Shields        | 4 5 6 7 |  7.4
Invocations    | 1 2 4 5 |  5.4

Action                   |  1- 3 |  4- 6 |  7- 9 | 10-12 || total
-------------------------+-------+-------+-------+-------++-------
Melee: Long sword        |   145 |   233 |   425 |    13 ||   816
Evoke: Wand              |       |     1 |       |       ||     1
  Use: Scroll            |       |       |    13 |       ||    13
       Potion            |       |       |       |     1 ||     1
  Eat: Chunk             |       |     9 |    11 |       ||    20
       Fruit             |       |       |     2 |       ||     2
       Beef jerky        |       |       |     1 |       ||     1
Armor: Scale mail        |    27 |    69 |   161 |     5 ||   262
Dodge: Dodged            |    33 |    94 |   193 |    14 ||   334
Block: Shield            |    53 |   128 |   380 |    29 ||   590
       Reflection        |       |       |     3 |     5 ||     8
